 Dungeon Sprint DCSS version 0.23.2-44-ge536e68a2c (webtiles) character file.

Game seed: 11247841801535243695

2384 MordorOrchid the Reanimator (level 9, 0/68 HPs)
             Began as a Demonspawn Necromancer on Mar 6, 2020.
             Was an Initiate of Gozag.
             Slain by a seven-headed hydra (8 damage)
             ... in the Dungeon (Sprint IX: "|||||||||||||||||||||||||||||").
             The game lasted 00:11:17 (1215 turns).

MordorOrchid the Reanimator (DsNe)                  Turns: 1215, Time: 00:11:18

Health: 0/68       AC: 12    Str: 11    XL:     9   Next: 22%
Magic:  16/22      EV: 21    Int: 20    God:    Gozag
Gold:   643        SH:  0    Dex: 16    Spells: 18/26 levels left

rFire    x . .     SeeInvis .   a - +2 scimitar "Ewusaiwipu" {pain, rPois rF- Str+3 Dex+2}
rCold    . . .     Gourm    .   (no shield)
rNeg     . . .     Faith    .   q - +2 ring mail
rPois    +         Spirit   .   n - +0 helmet
rElec    .         Reflect  .   p - +0 cloak
rCorr    .         Harm     .   (no gloves)
MR       .....     NoTele   +   (no boots)
Stlth    ++........             (no amulet)
HPRegen  0.21/turn              r - +2 ring of evasion
MPRegen  0.18/turn              s - +2 ring of protection

@: gold aura
A: talons 2, rot immunity, sturdy frame 2
a: Potion Petition, Call Merchant, Bribe Branch, Renounce Religion


You were in the Dungeon.
You worshipped Gozag.
Gozag was pleased with you.
You were not hungry.

You visited 1 branch You collected 1521 gold pieces.
You spent 115 gold pieces at shops.
You paid 763 gold pieces to Gozag.

Inventory:

Hand Weapons
 a - the +2 scimitar "Ewusaiwipu" (weapon) {pain, rPois rF- Str+3 Dex+2}
   (You found it in the Dungeon)

   In the hands of one skilled in necromantic magic, it inflicts extra damage on
   living creatures.
   It affects your strength (+3).
   It affects your dexterity (+2).
   It makes you vulnerable to fire.
   It protects you from poison.
 b - a +0 dagger
 y - a +4 rapier of electrocution
Missiles
 o - 24 arrows
Armour
 n - a +0 helmet (worn)
 p - a +0 cloak (worn)
 q - a +2 ring mail (worn)
Magical Staves
 m - an uncursed staff of energy
Jewellery
 r - a +2 ring of evasion (left hand)
 s - a +2 ring of protection (right hand)
Wands
 l - a wand of acid (2)
 w - a wand of flame (3)
Scrolls
 c - a scroll of immolation
 i - 3 scrolls of blinking
 j - 4 scrolls of remove curse
 k - a scroll of amnesia
 t - a scroll of fog
 u - 2 scrolls of enchant armour
 v - 3 scrolls of identify
Potions
 d - 2 potions of agility
 e - a potion of resistance
 f - 4 potions of heal wounds
 g - 3 potions of magic
 h - 5 potions of curing


   Skills:
 * Level 5.6 Fighting
 * Level 6.5 Short Blades
 * Level 6.1 Armour
 + Level 9.7 Dodging
 - Level 1.7 Stealth
 + Level 9.2 Spellcasting
 - Level 3.1 Charms
 - Level 10.0 Necromancy
 - Level 5.8 Evocations


You had 18 spell levels left.
You knew the following spells:

 Your Spells              Type           Power        Failure   Level  Hunger
a - Pain                  Necr           ####         1%          1    None
k - Regeneration          Chrm/Necr      #####.....   1%          3    None
u - Animate Skeleton      Necr           N/A          1%          1    None
v - Vampiric Draining     Necr           #####.....   1%          3    None

Your spell library contained the following spells:

 Spells                   Type           Power        Failure   Level  Hunger
 Animate Dead             Necr           N/A          1%          4    ###....


Dungeon Overview and Level Annotations

Branches:
Dungeon (1/1)

Altars:
Cheibriados
Dithmenos
Elyvilon
Fedhas
Gozag
Hepliaklqana
Kikubaaqudgha
Makhleb
Nemelex Xobeh
Okawaru
Qazlal
Ru
Sif Muna
Trog
Uskayaw
Vehumet
Wu Jian
Xom
Yredelemnul
Zin
The Shining One
Beogh
Jiyva
Lugonu

Shops:
D *


Innate Abilities, Weirdness & Mutations

You have razor-sharp toenails.
You are immune to rotting.
Your movements are less encumbered by armour. (ER -4)


Message History

* * * LOW HITPOINT WARNING * * *
The seven-headed hydra completely misses you.
Unknown command.
Evoke which item? (* to show all) (? for menu, Esc to quit)
Aiming: Throw Flame
Press: ? - help, Shift-Dir - straight line, f/p - seven-headed hydra
Aim: a seven-headed hydra (severely wounded, covered in acid)
The puff of flame hits the seven-headed hydra.
The seven-headed hydra is severely wounded.
The seven-headed hydra is no longer covered in acid.
The seven-headed hydra closely misses you.
The seven-headed hydra bites you!
* * * LOW HITPOINT WARNING * * *
The seven-headed hydra completely misses you.
The seven-headed hydra barely misses you.
The seven-headed hydra bites you.
* * * LOW HITPOINT WARNING * * *
The seven-headed hydra bites you!
You die...
Your body crumbles into a pile of gold. $$$$$ $$$$$$$$$$$$ $$$$$$$$$$$$$

▓▓▓▓▓▓▓▓▓▓▓▓▓▓▓▓▓▓▓▓▓▓▓▓
SlF..SD@........'∩....).
▓▓▓▓▓▓▓▓▓▓▓▓▓▓▓▓▓▓▓▓▓▓▓▓▓▓▓▓▓▓▓▓▓
.................................
▓▓▓▓▓▓▓▓▓▓▓▓▓▓▓▓▓▓▓▓▓▓▓▓▓▓▓▓▓▓▓▓▓
.)...'________________________'..
▓▓▓▓▓▓▓▓▓▓▓▓▓▓▓▓▓▓▓▓▓▓▓▓▓▓▓▓▓▓▓▓▓


You could see a seven-headed hydra, a basilisk, a blink frog and 2 water
moccasins.

Vanquished Creatures
  2 spiny frogs (D)
  A troll (D)
  A yak (D)
  A basilisk (D)
  A vampire mosquito (D)
  A steam dragon (D)
  A porcupine (D)
  3 water moccasins (D)
  A black bear (D)
  An ice beast (D)
  A wolf (D)
  An ogre (D)
  A crocodile (D)
  2 bullfrogs (D)
  A killer bee (D)
  A hound (D)
  An iguana (D)
  An adder (D)
  2 adder skeletons (D)
  A dart slug (D)
  An orc (D)
  A bat skeleton (D)
  2 bats (D)
  A jackal skeleton (D)
  A kobold (D)
  A rat (D)
32 creatures vanquished.

Vanquished Creatures (others)
  A hound (D)
1 creature vanquished.

Grand Total: 33 creatures vanquished

Notes
Turn   | Place    | Note
-------+----------+-------------------------------------------
     0 | D        | MordorOrchid the Demonspawn Necromancer began the quest for
                  | the Orb.
     0 | D        | Reached XP level 1. HP: 13/13 MP: 3/3
    25 | D        | Reached skill level 1 in Fighting
    44 | D        | Learned a level 1 spell: Animate Skeleton
   358 | D        | Noticed an iguana
   358 | D        | Noticed an ice beast
   358 | D        | Noticed a hound
   377 | D        | Killed a hound
   377 | D        | Reached skill level 5 in Necromancy
   377 | D        | Gained mutation: You have sharp toenails. [demonic
                  | ancestry]
   377 | D        | Reached XP level 2. HP: 23/23 MP: 0/6
   377 | D        | Gained mutation: Your movements are slightly less
                  | encumbered by armour. (ER -2) [demonic ancestry]
   377 | D        | Reached XP level 3. HP: 28/28 MP: 0/7
   383 | D        | Learned a level 3 spell: Regeneration
   387 | D        | Learned a level 3 spell: Vampiric Draining
   396 | D        | Killed an ice beast
   396 | D        | Reached skill level 7 in Necromancy
   396 | D        | Gained mutation: You are immune to rotting. [demonic
                  | ancestry]
   396 | D        | Reached XP level 4. HP: 34/34 MP: 1/10
   400 | D        | Reached skill level 5 in Spellcasting
   400 | D        | Reached skill level 8 in Necromancy
   400 | D        | Reached XP level 5. HP: 39/39 MP: 1/12
   422 | D        | Found a roughly hewn altar of Beogh.
   422 | D        | Found a snail-covered altar of Cheibriados.
   422 | D        | Found a shadowy altar of Dithmenos.
   422 | D        | Found a white marble altar of Elyvilon.
   422 | D        | Found a blossoming altar of Fedhas.
   422 | D        | Found an opulent altar of Gozag.
   423 | D        | Found a hazy altar of Hepliaklqana.
   424 | D        | Found a viscous altar of Jiyva.
   425 | D        | Found an ancient bone altar of Kikubaaqudgha.
   426 | D        | Found a corrupted altar of Lugonu.
   427 | D        | Found a burning altar of Makhleb.
   428 | D        | Found a sparkling altar of Nemelex Xobeh.
   429 | D        | Found an iron altar of Okawaru.
   430 | D        | Became a worshipper of Gozag Ym Sagoz the Greedy
   431 | D        | Found a stormy altar of Qazlal.
   432 | D        | Found a sacrificial altar of Ru.
   433 | D        | Found a deep blue altar of Sif Muna.
   434 | D        | Found a bloodstained altar of Trog.
   435 | D        | Found a hide-covered altar of Uskayaw.
   436 | D        | Found a radiant altar of Vehumet.
   437 | D        | Found an ornate altar of the Wu Jian Council.
   438 | D        | Found a shimmering altar of Xom.
   439 | D        | Found a basalt altar of Yredelemnul.
   440 | D        | Found a glowing silver altar of Zin.
   441 | D        | Found a glowing golden altar of the Shining One.
   459 | D        | Got the +2 scimitar "Ewusaiwipu" {pain, rPois rF- Str+3
                  | Dex+2}
   487 | D        | Learned a level 4 spell: Animate Dead
   499 | D        | Noticed a steam dragon
   499 | D        | Noticed an ogre
   502 | D        | Killed an ogre
   502 | D        | Reached skill level 1 in Armour
   502 | D        | Reached skill level 5 in Dodging
   502 | D        | Reached skill level 9 in Necromancy
   502 | D        | Reached skill level 1 in Evocations
   515 | D        | Killed a steam dragon
   515 | D        | Reached skill level 10 in Necromancy
   515 | D        | Reached XP level 6. HP: 12/45 MP: 13/15
   735 | D        | Noticed a troll
   735 | D        | Noticed a yak
   735 | D        | Noticed a vampire mosquito
   737 | D        | Killed a yak
   737 | D        | Reached skill level 1 in Short Blades
   737 | D        | Gained mutation: Your movements are less encumbered by
                  | armour. (ER -4) [demonic ancestry]
   737 | D        | Reached XP level 7. HP: 51/51 MP: 15/17
   738 | D        | Killed a vampire mosquito
   744 | D        | Reached skill level 5 in Evocations
   845 | D        | Killed a troll
   845 | D        | Reached XP level 8. HP: 18/57 MP: 2/18
  1014 | D        | Noticed a spiny frog
  1014 | D        | Noticed a spiny frog
  1018 | D        | Bought a scroll of fog for 22 gold pieces
  1028 | D        | Killed a spiny frog
  1028 | D        | Reached skill level 5 in Short Blades
  1028 | D        | Reached skill level 5 in Armour
  1030 | D        | Killed a spiny frog
  1049 | D        | Reached skill level 5 in Fighting
  1049 | D        | Gained mutation: You have razor-sharp toenails. [demonic
                  | ancestry]
  1049 | D        | Reached XP level 9. HP: 34/68 MP: 3/21
  1074 | D        | Bought a scroll of immolation for 38 gold pieces
  1074 | D        | Bought a wand of flame (8) for 55 gold pieces
  1201 | D        | Noticed a seven-headed hydra
  1215 | D        | Slain by a seven-headed hydra

Skill      XL: |  1  2  3  4  5  6  7  8  9 |
---------------+----------------------------+-----
Dodging        | 3 4 5 6 8 9 |  9.7
Fighting       | 2 5 |  5.6
Spellcasting   | 3 4 5 6 7 8 9 |  9.2
Necromancy     | 5 7 8 10 | 10.0
Charms         | 2 3 |  3.1
Armour         | 2 3 4 5 6 |  6.1
Evocations     | 2 3 5 |  5.8
Short Blades   | 1 4 6 |  6.5
Stealth        | |  1.7

Action                   |  1- 3 |  4- 6 |  7- 9 || total
-------------------------+-------+-------+-------++-------
Melee: Unarmed           |    23 |       |       ||    23
       Dagger            |    15 |     7 |       ||    22
       Kick              |     2 |     5 |     6 ||    13
       Rapier            |       |    13 |     6 ||    19
       Scimitar          |       |       |    21 ||    21
 Cast: Pain              |    11 |       |    30 ||    41
       Animate Skeleton  |     2 |     2 |       ||     4
       Vampiric Draining |       |       |     8 ||     8
       Regeneration      |       |       |     3 ||     3
Invok: Call Merchant     |       |       |     1 ||     1
Evoke: Wand              |       |     2 |    11 ||    13
  Use: Potion            |     5 |     1 |       ||     6
       Scroll            |       |       |     3 ||     3
 Stab: Invisible         |       |     1 |       ||     1
       Sleeping          |       |     1 |       ||     1
       Distracted        |       |       |     1 ||     1
  Eat: Ration            |       |       |     1 ||     1
Armor: Robe              |     7 |       |       ||     7
       Ring mail         |       |     3 |    18 ||    21
Dodge: Dodged            |    27 |    13 |    78 ||   118
       Rpst.: Scimitar   |       |       |    10 ||    10
